 Dungeon Crawl Stone Soup version 0.30-a0-799-g109b55a442 (webtiles) character file.

Game seed: 4568879412618977673

145108 juan097 the Destroyer (level 17, -7/106 HPs)
             Began as a Gargoyle Earth Elementalist on Feb 19, 2023.
             Was an Initiate of Gozag.
             Mangled by a caustic shrike simulacrum (24 damage)
             ... summoned by an orange crystal statue
             ... in an ice cave on Feb 20, 2023.
             The game lasted 02:47:55 (38407 turns).

juan097 the Destroyer (GrEE)                       Turns: 38407, Time: 02:47:56

Health: -7/106     AC: 39    Str: 13      XL:     17   Next: 41%
Magic:  14/31      EV: 12    Int: 25 (29) God:    Gozag
Gold:   6137       SH:  6    Dex: 10      Spells: 6/36 levels left

rFire   + . .      SeeInvis +    b - +2 dagger (venom)
rCold   + . .      Faith    .    X - +1 buckler {AC+3}
rNeg    + + .      Spirit   .    d - +3 leather armour {rC+ rF+}
rPois   ∞          Reflect  .    g - +2 helmet {SInv}
rElec   +          Harm     .    J - +1 cloak of the Monk {+Inv rN+ Stlth+}
rCorr   .          Rampage  .    L - +2 pair of gloves
Will    +....                    r - +2 pair of boots
Stlth   ++++                     N - amulet of magic regeneration
HPRegen 0.37/turn                K - +6 ring of intelligence
MPRegen 0.62/turn                O - +4 ring of protection

@: brilliant, flying, hasted, very quick
A: sickness immunity, AC +12, big wings, negative energy resistance 1,
electricity resistance, torment resistance 1, petrification resistance
a: Renounce Religion, Evoke Invisibility, Potion Petition, Call Merchant, Bribe
Branch


You were in an ice cave.
You worshipped Gozag.
Gozag was greatly pleased with you.
You visited 5 branches of the dungeon, and saw 26 of its levels.
You also visited: Ossuary and Ice Cave.

You collected 9565 gold pieces.
You spent 2526 gold pieces at shops.
You paid 902 gold pieces to Gozag.

Inventory:

Hand Weapons
 a - the +3 short sword "Veog" {pain, Str+3 Dex+5}
   (You found it on level 2 of the Dungeon)

   Str:       It affects your strength (+3).
   Dex:       It affects your dexterity (+5).
 b - a +2 dagger of venom (weapon)
 p - a +4 scimitar of flaming
Missiles
 c - 2 curare-tipped darts
 k - 3 javelins
 n - 2 atropa-tipped darts
 u - 57 poisoned darts (quivered)
 z - 5 silver javelins
 A - a throwing net
Armour
 d - a +3 leather armour of resistance (worn)
 g - a +2 helmet of see invisible (worn)
 r - a +2 pair of boots (worn)
 J - the +1 cloak of the Monk (worn) {+Inv rN+ Stlth+}
   (You bought it in a shop on level 4 of the Dungeon)

   rN:        It protects you from negative energy.
   +Inv:      It lets you turn invisible.
   Stlth:     It makes you more stealthy.
 L - a +2 pair of gloves (worn)
 Q - the +5 ring mail "Dopluqets" {*Slow rF+ Will+ rCorr}
   (You found it on level 9 of the Dungeon)

   rF:        It protects you from fire.
   rCorr:     It protects you from acid and corrosion.
   *Slow:     It may slow you when you take damage.
   Will:      It increases your willpower.
 X - a +1 buckler of protection (worn)
Jewellery
 K - a +6 ring of intelligence (left hand)
 N - an amulet of magic regeneration (around neck)
 O - a +4 ring of protection (right hand)
Wands
 f - a wand of mindburst (10)
 w - a wand of digging (8)
 C - a wand of paralysis (31)
 F - a wand of iceblast (4)
 T - a wand of flame (24)
 W - a wand of acid (12)
Scrolls
 e - 6 scrolls of teleportation
 i - 4 scrolls of poison
 j - 5 scrolls of magic mapping
 q - 7 scrolls of fear
 v - 5 scrolls of summoning
 y - a scroll of silence
 B - 3 scrolls of vulnerability
 E - 6 scrolls of fog
 I - 3 scrolls of identify
 R - 3 scrolls of blinking
Potions
 h - 7 potions of brilliance
 m - 6 potions of heal wounds
 o - 6 potions of curing
 t - a potion of berserk rage
 D - 4 potions of haste
 P - a potion of resistance
 U - 3 potions of magic
 V - a potion of might
 Z - a potion of invisibility
Miscellaneous
 l - a lightning rod (4/4)
 x - a condenser vane
 M - a phial of floods
 Y - a phantom mirror (inert)


   Skills:
 + Level 11.8 Fighting
 + Level 8.3 Short Blades
 * Level 5.5 Throwing
 - Level 8.0 Armour
 - Level 4.0 Dodging
 + Level 8.5 Stealth
 - Level 8.0 Shields
 - Level 10.0 Spellcasting
 + Level 12.8 Conjurations
 + Level 3.8 Hexes
 - Level 9.0 Transmutations
 * Level 3.0 Fire Magic
 - Level 4.0 Air Magic
 - Level 10.0 Earth Magic
 - Level 6.0 Poison Magic
 + Level 8.9 Evocations


You had 6 spell levels left.
You knew the following spells:

 Your Spells              Type           Power      Damage    Failure   Level
a - Ignite Poison         Fire/Tmut/Pois 59%        N/A       1%          3
b - Stone Arrow           Conj/Erth      100%       3d13      1%          3
c - Petrify               Tmut/Erth      74%        N/A       1%          4
d - Passwall              Tmut/Erth      61%        N/A       1%          2
e - Mephitic Cloud        Conj/Pois/Air  66%        N/A       1%          3
f - Iskenderun's Battles  Conj           86%        2d13      1%          5
g - Irradiate             Conj/Tmut      39%        3d24      2%          5
h - Yara's Violent Unrav  Hex/Tmut       30%        3d13      14%         5

Your spell library contained the following spells:

 Spells                   Type           Power      Damage    Failure   Level
 Kiss of Death            Conj/Necr      100%       2d13      1%          1
 Magic Dart               Conj           100%       1d8       1%          1
 Sandblast                Erth           100%       2d20      1%          1
 Slow                     Hex            100%       N/A       1%          1
 Dazzling Flash           Conj/Hex       100%       N/A       1%          3
 Sticky Flame             Conj/Fire      68%        2d8       2%          4
 Confusing Touch          Hex            47%        N/A       4%          3
 Tukima's Dance           Hex            47%        N/A       4%          3
 Leda's Liquefaction      Hex/Erth       31%        N/A       4%          4
 Blade Hands              Tmut           36%        N/A       4%          5
 Iskenderun's Mystic Bla  Conj/Tloc      61%        2d13      5%          4
 Fireball                 Conj/Fire      34%        3d14      8%          5
 Portal Projectile        Hex/Tloc       66%        N/A       10%         3
 Call Imp                 Summ           18%        N/A       11%         2
 Ice Form                 Ice/Tmut       51%        N/A       12%         4
 Call Canine Familiar     Summ           18%        N/A       22%         3
 Frozen Ramparts          Ice            36%        1d6       22%         3
 Ozocubu's Armour         Ice            18%        N/A       22%         3
 Vampiric Draining        Necr           18%        2d7       22%         3
 Conjure Ball Lightning   Conj/Air       34%        3x3d11    34%         6
 Starburst                Conj/Fire      34%        6d10      41%         6
 Dispel Undead            Necr           18%        3d11      58%         4
 Passage of Golubria      Tloc           18%        N/A       58%         4
 Summon Ice Beast         Ice/Summ       18%        N/A       58%         4
 Summon Mana Viper        Hex/Summ       33%        N/A       67%         5
 Orb of Destruction       Conj           43%        9d12      32%         7
 Dragon Form              Tmut           36%        N/A       83%         7
 Monstrous Menagerie      Summ           9%         N/A       100%        7
 Ozocubu's Refrigeration  Ice            9%         4d9       100%        7
 Ignition                 Fire           20%        3d7       100%        8
 Chain Lightning          Conj/Air       34%        3d46      100%        9
 Fire Storm               Conj/Fire      34%        8d9       100%        9
 Shatter                  Erth           38%        3d30*     100%        9


Dungeon Overview and Level Annotations

Branches:
Dungeon (15/15)            Temple (0/1) D:7            Lair (5/5) D:8
 Shoals (1/4) Lair:3       Spider (3/4) Lair:2        Slime (0/5) Lair:5
    Orc (2/2) D:11            Elf (0/3) Orc:2        Vaults (0/5) D:14
 Depths (0/4) D:15        Ossuary (visited)           IceCv (1/1)

Altars:
Cheibriados
Elyvilon
Fedhas
Gozag
Kikubaaqudgha
Makhleb
Nemelex Xobeh
Okawaru
Trog
Uskayaw
Vehumet
Xom
Zin
Jiyva

Shops:
D:4 ?=([   D:8 (   D:10 [   Orc:2 :*[(   Shoals:1 ?[(:

Annotations:
D:2 1 runed translucent door, Crazy Yiuf
D:3 2 transporters, barkas's ghost, amateur NaWr
D:6 2 runed translucent doors, spacey5's ghost, novice MiFi
D:14 3 runed translucent doors, Qymaymp's ghost, adept GrEE
Lair:5 1 runed translucent door IceCv exclusion: orange crystal statue


Innate Abilities, Weirdness & Mutations

You are immune to sickness and miasma.
Your stone body is resilient. (AC +12)
You are immune to poison.
Your large and strong wings let you fly.
You resist negative energy. (rN+)
You are resistant to electric shocks. (rElec)
You are resistant to unholy torment.
You are immune to petrification.


Message History

The orange crystal statue glitters.
You are confused.
The caustic shrike simulacrum closely misses you.
The caustic shrike simulacrum claws you but does no damage.
The orange crystal statue fixes its piercing gaze on you.
You feel dopey. Something feeds on your intellect!
You hit the caustic shrike simulacrum.
The caustic shrike simulacrum is moderately damaged.
You're too confused to move!
The caustic shrike simulacrum claws you but does no damage.
The caustic shrike simulacrum closely misses you.
The caustic shrike simulacrum claws you!
The caustic shrike simulacrum freezes you!
You resist.
* * * LOW HITPOINT WARNING * * *
You feel better.
The caustic shrike simulacrum claws you.
* * * LOW HITPOINT WARNING * * *
The caustic shrike simulacrum freezes you!!
You resist.
* * * LOW HITPOINT WARNING * * *
The orange crystal statue glitters.
You are confused.
You feel much better.
The caustic shrike simulacrum claws you but does no damage.
You feel better.
The caustic shrike simulacrum barely misses you.
As you read the scroll of fear, it crumbles to dust.
You assume a fearsome visage.
The freezing wraith is unaffected.
The caustic shrike simulacrum is unaffected.
The white very ugly thing looks frightened!
The orange crystal statue is unaffected.
The freezing wraith is unaffected.
The caustic shrike simulacrum claws you!
* * * LOW HITPOINT WARNING * * *
The caustic shrike simulacrum freezes you!!
You resist.
You die...
Your body crumbles into a pile of gold.

############# #####
##(....#.[...## ##....
##.*....#......###..... $
.ZW#.......#.......#......
..W8.....@.$..........∩..∩
..u#.....Z.#.......#......
##......#).....###.....
##....$#(.)..## ##....
############# #####


You could see a white very ugly thing (fleeing), an orange crystal statue, 2
freezing wraiths, a caustic shrike simulacrum (summoned, ally target) and a
friendly battlesphere.

Vanquished Creatures
  Jorgrun (D:13)
  Rupert (D:13)
  Kirke (Lair:4)
  3 emperor scorpions
  2 orc warlords (Orc:2)
  A very ugly thing (IceCv)
  2 broodmothers
  A stone giant (D:15)
  Azrael (Spider:2)
  A fire dragon (D:14)
  An entropy weaver (Spider:2)
  A yaktaur captain (D:14)
  4 jorogumos
  4 hydras
  A caustic shrike simulacrum (IceCv)
  An ice dragon (Shoals:1)
  9 boulder beetles
  A catoblepas (Lair:5)
  4 centaur warriors
  A deep troll shaman (Lair:5)
  2 two-headed ogres
  9 death yaks
  4 orc high priests
  3 tengu warriors
  Sonja (D:11)
  A fire crab (Lair:5)
  4 pharaoh ants
  10 skeletal warriors
  2 sun moths
  Lodul (D:13)
  A lindwurm (Lair:5)
  5 orb spiders
  An orange crystal statue (IceCv)
  Pikel (D:6)
  A deep elf pyromancer (D:14)
  3 steelbarb worms
  6 orc knights
  22 ugly things
  6 orc sorcerers (Orc:2)
  14 wolf spiders
  2 moths of wrath
  4 manticores
  23 elephants
  3 cyclopes
  3 black mambas
  4 demonic crawlers
  A gargoyle (D:12)
  3 torpor snails
  13 cane toads
  4 kobold demonologists (D:12)
  6 komodo dragons
  An efreet (D:13)
  2 yaktaurs (D:14)
  4 freezing wraiths (IceCv)
  3 rime drakes
  An unseen horror (D:13)
  3 anaconda simulacra (IceCv)
  A tengu conjurer (D:14)
  7 polar bears
  A meliai (Lair:2)
  A troll (Orc:1)
  13 tarantellas
  Prince Ribbit (D:5)
  A hornet (D:5)
  6 dream sheep
  15 blink frogs
  9 slime creatures
  A snapping turtle (Lair:3)
  22 jumping spiders
  Sigmund (D:6)
  17 culicivoras
  48 yaks
  3 dire elephant simulacra (IceCv)
  2 wyverns
  3 basilisks
  2 vampires
  2 fire elementals (Spider:2)
  5 wraiths
  2 steam dragons
  4 hogs
  23 redbacks
  6 vampire mosquitoes
  4 wargs
  A harpy simulacrum (IceCv)
  Menkaure (D:5)
  2 hell hounds (Spider:2)
  An acid dragon (D:8)
  14 water moccasins
  2 hydra simulacra (IceCv)
  A naga (shapeshifter) (D:15)
  A swamp drake (D:11)
  38 orc warriors
  3 sky beasts
  3 black bears
  An ice beast (D:5)
  17 ogres
  17 centaurs
  29 wolves
  2 lemures (D:5)
  2 phantoms
  4 kobold brigands
  3 elf zombies (Ossuary)
  Blork the orc (D:6)
  11 bullfrogs
  6 scorpions
  A gnoll sergeant (D:13)
  5 wights (D:10)
  2 lindwurm simulacra (IceCv)
  7 killer bees
  7 electric eels
  9 howler monkeys
  2 human zombies (Ossuary)
  4 gnoll boudas (D:7)
  3 hounds
  23 orc priests
  An iguana (D:7)
  26 orc wizards
  5 hell rats (Lair:5)
  3 mummies
  9 gnolls (D:7)
  7 adders
  4 river rats (Lair:5)
  2 shadow imps
  2 white imps
  An ufetubus (D:6)
  3 worms
  91 orcs
  4 bats
  6 endoplasms
  A giant cockroach (D:2)
  5 goblins
  5 hobgoblins
  9 jackals
  2 quokkas
  3 ball pythons
  A frilled lizard (D:2)
  10 hobgoblin zombies (Ossuary)
  3 jackal zombies (Ossuary)
  12 kobolds
  12 kobold zombies (Ossuary)
  6 orc zombies (Ossuary)
  16 rats
  A rat zombie (Ossuary)
891 creatures vanquished.

Vanquished Creatures (others)
  A redback (Spider:2)
  An orc (Orc:2)
  29 fungi
  59 plants
90 creatures vanquished.

Grand Total: 981 creatures vanquished

Notes
Turn   | Place    | Note
-------+----------+-------------------------------------------
     0 | D:1      | juan097 the Gargoyle Earth Elementalist began the quest for
                  | the Orb.
     0 | D:1      | Reached XP level 1. HP: 10/10 MP: 3/3
   150 | D:1      | Reached XP level 2. HP: 15/15 MP: 3/5
  1149 | D:2      | Reached XP level 3. HP: 19/19 MP: 2/6
  1207 | D:2      | Identified the +3 short sword "Veog" {pain, Str+3 Dex+5}
  1302 | D:2      | Identified the +1 leather armour "Yntuoczi" {Drain rPois
                  | rCorr Stlth+}
  1712 | D:2      | Found a runed translucent door.
  1909 | D:2      | Noticed Crazy Yiuf
  2154 | D:3      | Learned a level 3 spell: Stone Arrow
  2199 | D:3      | Found a transporter.
  2200 | D:3      | Noticed barkas's ghost (amateur NaWr)
  2201 | D:3      | Noticed an ogre
  2202 | D:3      | Noticed an ogre
  2231 | D:3      | Reached XP level 4. HP: 24/24 MP: 3/7
  2234 | D:3      | Reached skill level 1 in Conjurations
  2234 | D:3      | Reached skill level 5 in Earth Magic
  2304 | D:3      | Found a transporter.
  2404 | D:3      | Reached XP level 5. HP: 28/28 MP: 5/9
  2446 | D:3      | Found a sparkling altar of Nemelex Xobeh.
  3091 | D:4      | Found Zin's Purification Station.
  3091 | D:4      | Found a glowing silver altar of Zin.
  3114 | D:4      | Bought a potion of curing for 90 gold pieces
  3176 | D:4      | Noticed an ogre
  3221 | D:4      | Reached skill level 2 in Conjurations
  3221 | D:4      | Reached XP level 6. HP: 8/32 MP: 5/10
  3258 | D:4      | Found Itamoq's Jewellery Boutique.
  3364 | D:4      | Found a shimmering altar of Xom.
  3364 | D:4      | Found a shimmering altar of Xom.
  3364 | D:4      | Found a shimmering altar of Xom.
  3365 | D:4      | Found a shimmering altar of Xom.
  3366 | D:4      | Found a shimmering altar of Xom.
  3390 | D:4      | Found Angoovio's Magic Scroll Emporium.
  3455 | D:4      | Found Pypafarph's Antique Weapon Boutique.
  3498 | D:4      | Found Qihifyo's Armour Emporium.
  3512 | D:4      | Found a sand-covered staircase.
  3520 | Ossuary  | Entered an ossuary
  3839 | Ossuary  | Reached skill level 3 in Conjurations
  3952 | Ossuary  | Reached XP level 7. HP: 36/36 MP: 5/12
  4051 | Ossuary  | Reached skill level 4 in Conjurations
  4334 | D:4      | Found an opulent altar of Gozag.
  4388 | D:4      | Found a white marble altar of Elyvilon.
  4591 | D:4      | Bought a scroll of fear for 40 gold pieces
  4591 | D:4      | Bought a scroll of teleportation for 30 gold pieces
  4591 | D:4      | Bought a scroll of identify for 20 gold pieces
  4709 | D:4      | Reached skill level 1 in Fighting
  4709 | D:4      | Reached skill level 1 in Armour
  4784 | D:5      | Entered Level 5 of the Dungeon
  4786 | D:5      | Found a burning altar of Makhleb.
  4924 | D:5      | Noticed Prince Ribbit
  4938 | D:5      | Found an iron altar of Okawaru.
  4990 | D:4      | Became a worshipper of Gozag Ym Sagoz the Greedy
  5130 | D:5      | Noticed Menkaure
  5148 | D:5      | Reached XP level 8. HP: 23/44 MP: 0/14
  5149 | D:5      | Killed Prince Ribbit
  5150 | D:5      | Reached skill level 5 in Conjurations
  5261 | D:5      | Noticed a hornet
  5264 | D:5      | Killed a hornet
  5561 | D:5      | Reached skill level 6 in Conjurations
  5980 | D:5      | Killed Menkaure
  5981 | D:5      | Reached skill level 5 in Spellcasting
  6104 | D:5      | Reached XP level 9. HP: 51/51 MP: 14/16
  6243 | D:6      | Noticed Pikel
  6477 | D:6      | Found a large runed translucent door.
  6477 | D:6      | Found a large runed translucent door.
  6478 | D:6      | Noticed spacey5's ghost (novice MiFi)
  6478 | D:6      | Noticed Sigmund
  6491 | D:6      | Learned a level 4 spell: Petrify
  6494 | D:6      | Learned a level 2 spell: Passwall
  6570 | D:6      | Killed Pikel
  7074 | D:6      | Noticed Blork the orc
  7077 | D:6      | Killed Blork the orc
  7197 | D:6      | Killed Sigmund
  7438 | D:4      | Bought the +1 cloak of the Monk {+Inv rN+ Stlth+} for 305
                  | gold pieces
  7559 | D:4      | Bought 2 scrolls of poison for 80 gold pieces
  7894 | D:7      | Reached skill level 5 in Fighting
  8407 | D:7      | Reached XP level 10. HP: 54/59 MP: 12/19
  8779 | D:7      | Noticed a moth of wrath
  8787 | D:7      | Found a bloodstained altar of Trog.
  9538 | D:7      | Reached skill level 5 in Transmutations
  9720 | D:7      | Found a staircase to the Ecumenical Temple.
 10089 | D:4      | Bought a scroll of enchant weapon for 75 gold pieces
 10089 | D:4      | Bought a scroll of magic mapping for 75 gold pieces
 10194 | D:8      | Found Mudutsa's Antique Weapon Shoppe.
 10564 | D:8      | Learned a level 3 spell: Mephitic Cloud
 10610 | D:8      | Found a blossoming altar of Fedhas.
 10737 | D:8      | Found a staircase to the Lair.
 10967 | D:8      | Reached skill level 1 in Poison Magic
 10996 | D:8      | Noticed a +0 dagger
 10997 | D:8      | Found a hide-covered altar of Uskayaw.
 10998 | D:8      | Noticed a +0 dagger
 11457 | D:4      | Bought a +4 ring of protection for 468 gold pieces
 11506 | Lair:1   | Entered Level 1 of the Lair of Beasts
 11506 | Lair:1   | Noticed a cane toad
 11634 | D:9      | Reached skill level 1 in Air Magic
 11666 | D:9      | Identified the +5 ring mail "Dopluqets" {*Slow rF+ Will+
                  | rCorr}
 11715 | D:9      | Reached skill level 10 in Earth Magic
 11899 | D:9      | Reached XP level 11. HP: 52/64 MP: 11/20
 11987 | D:9      | Reached skill level 5 in Poison Magic
 12122 | D:9      | Found a snail-covered altar of Cheibriados.
 12229 | D:9      | Found an ancient bone altar of Kikubaaqudgha.
 12408 | D:10     | Entered Level 10 of the Dungeon
 12548 | D:8      | Reached skill level 1 in Short Blades
 12915 | Lair:1   | Reached skill level 5 in Stealth
 13254 | Lair:1   | Reached skill level 1 in Evocations
 13639 | Lair:1   | Reached skill level 7 in Conjurations
 14114 | Lair:2   | Found a hole to the Spider Nest.
 14441 | Lair:2   | Reached XP level 12. HP: 70/70 MP: 15/21
 14522 | Lair:2   | Reached skill level 8 in Conjurations
 15168 | Lair:3   | Learned a level 5 spell: Iskenderun's Battlesphere
 15491 | Lair:3   | Found a staircase to the Shoals.
 15740 | Lair:3   | Reached skill level 5 in Short Blades
 15773 | Lair:3   | Reached skill level 5 in Evocations
 16310 | Lair:4   | Reached skill level 9 in Conjurations
 16648 | Lair:3   | Reached XP level 13. HP: 74/74 MP: 18/22
 16699 | Lair:4   | Noticed Kirke
 16936 | Lair:3   | Reached skill level 10 in Conjurations
 17260 | Lair:4   | Killed Kirke
 17984 | Lair:5   | Entered Level 5 of the Lair of Beasts
 19210 | Lair:5   | Gained mutation: Your large and strong wings let you fly.
                  | [Gargoyle growth]
 19210 | Lair:5   | Reached XP level 14. HP: 41/80 MP: 9/27
 20011 | Lair:5   | Reached skill level 11 in Conjurations
 20549 | Lair:5   | Found a runed translucent door.
 20550 | Lair:5   | Found a viscous altar of Jiyva.
 20552 | Lair:5   | Found a staircase to the Slime Pits.
 20990 | Lair:5   | Learned a level 5 spell: Irradiate
 21287 | D:10     | Found a radiant altar of Vehumet.
 21404 | D:10     | Found Ethox's Armour Shop.
 22146 | D:11     | Noticed Sonja
 22156 | D:11     | Killed Sonja
 22352 | D:11     | Found a staircase to the Orcish Mines.
 22913 | Orc:1    | Entered Level 1 of the Orcish Mines
 24712 | Orc:2    | Entered Level 2 of the Orcish Mines
 24712 | Orc:2    | Found a staircase to the Elven Halls.
 25737 | Orc:2    | Reached skill level 5 in Armour
 25737 | Orc:2    | Reached XP level 15. HP: 74/90 MP: 16/28
 26142 | Orc:2    | Noticed an orc warlord
 26240 | Orc:2    | Killed an orc warlord
 26481 | Orc:2    | Noticed an orc warlord
 26506 | Orc:2    | Killed an orc warlord
 26555 | Orc:2    | Upgraded the game from 0.30-a0-793-g160f7cfddd to
                  | 0.30-a0-799-g109b55a442
 27011 | Orc:2    | Found Suttanar's General Store.
 27012 | Orc:2    | Found Runis's Book Emporium.
 27107 | Orc:2    | Found Vukhaah's Antique Armour Shoppe.
 27107 | Orc:2    | Found Syavax's Antique Weapon Shoppe.
 27126 | Orc:2    | Bought a runed helmet for 217 gold pieces
 27126 | Orc:2    | Bought a shimmering robe for 165 gold pieces
 27126 | Orc:2    | Identified the +0 robe "Ymarug" {Will+ Dex+3 SInv} (You
                  | bought it in a shop on level 2 of the Orcish Mines)
 27164 | Orc:2    | Bought a potion of magic for 96 gold pieces
 27164 | Orc:2    | Bought a scroll of fog for 48 gold pieces
 27474 | D:13     | Noticed Rupert
 27491 | D:13     | Killed Rupert
 27635 | D:13     | Noticed Lodul
 27691 | D:13     | Killed Lodul
 28698 | D:13     | Reached skill level 12 in Conjurations
 28860 | D:13     | Noticed Jorgrun
 28870 | D:13     | Killed Jorgrun
 29124 | D:14     | Reached skill level 10 in Fighting
 29124 | D:14     | Reached skill level 10 in Spellcasting
 29607 | D:10     | Bought a +1 buckler of protection for 198 gold pieces
 29919 | D:14     | Reached skill level 1 in Shields
 30203 | D:14     | Found a gate to the Vaults.
 30312 | D:14     | Reached XP level 16. HP: 97/97 MP: 7/30
 30511 | D:14     | Found a blossoming altar of Fedhas.
 30574 | D:14     | Reached skill level 5 in Shields
 30655 | D:14     | Found a runed translucent gate.
 30655 | D:14     | Found a runed translucent gate.
 30655 | D:14     | Found a runed translucent gate.
 30657 | D:14     | Noticed Qymaymp's ghost (adept GrEE)
 31001 | D:15     | Entered Level 15 of the Dungeon
 31087 | D:15     | Found a staircase to the Depths.
 32422 | D:15     | Learned a level 5 spell: Yara's Violent Unravelling
 32677 | Spider:1 | Entered Level 1 of the Spider Nest
 32737 | Lair:2   | Reached skill level 1 in Throwing
 32848 | Spider:1 | Reached skill level 1 in Hexes
 35224 | Spider:2 | Noticed Azrael
 35231 | Spider:2 | Killed Azrael
 35397 | Spider:2 | Reached XP level 17. HP: 104/104 MP: 31/31
 35897 | Orc:2    | Bought an Everburning Encyclopedia for 432 gold pieces
 35901 | Orc:2    | Learned a level 3 spell: Ignite Poison
 36232 | Spider:3 | Reached skill level 1 in Fire Magic
 36555 | Spider:3 | Reached skill level 5 in Throwing
 37541 | Shoals:1 | Entered Level 1 of the Shoals
 37543 | Shoals:1 | Found Goeplahayd's Weapon Emporium.
 37551 | Shoals:1 | Found Oteigur's Antique Armour Emporium.
 37560 | Shoals:1 | Bought a runed helmet for 187 gold pieces
 37584 | Shoals:1 | Found a frozen archway.
 37602 | Shoals:1 | Found Poqir's Magic Scroll Emporium.
 37637 | Shoals:1 | Found Omus's Self-Improvement Boutique.
 37674 | IceCv    | Entered an ice cave
 38404 | IceCv    | HP: 2/106 [caustic shrike simulacrum[an orange crystal
                  | statue] (26)]
 38407 | IceCv    | Mangled by a caustic shrike simulacrum

Illustrated notes

Levels and vault maps discovered:
D:1:      mrwooster_arrival_statue, layout_basic
D:2:      layout_basic, serial_curves, eino_curves_01, eino_curves_01,
          eino_curves_04, minmay_crystal_water, uniq_crazy_yiuf_cottage
D:3:      layout_loops_ring, nemelex_xobeh_ov_fountains_minmay,
          gammafunk_ghost_smash
D:4:      cheibrodos_old_hovel, layout_rooms, zin_purify,
          nicolae_gozag_cash_rules_everything_around_me, elyvilon_altar_1,
          xom_redecorated, gup_ossuary_entry_pyramid, serial_shops,
          nicolae_inconvenience_store, nicolae_shop_waterfront, shop,
          kennysheep_little_box
D:5:      layout_cave_pods, kennysheep_mini, mainiacjoe_overflow_tiny_flanked,
          nicolae_eternal_life, lemuel_flamethrower_2, uniq_prince_ribbit1,
          uniq_menkaure
D:6:      layout_loops_ring, ebering_ghost_disaster_area, serial_bayou_pond_a,
          uniq_blork_the_orc, uniq_sigmund, uniq_pikel
D:7:      kennysheep_seaside_town, layout_basic, tgw_trog,
          minmay_temple_entry_overgrown
D:8:      layout_gridville, dancing_weapons_uskayaw,
          nicolae_overflow_crystal_walls, lair_entry_dummy, serial_shops,
          nicolae_shop_statue_plus
D:9:      layout_basic, slow_altar_1, mainiacjoe_overflow_brackets,
          lightli_orcish_oven
D:10:     layout_loops_corners, vehumet_crystals, serial_shops,
          nicolae_shop_advertising_works [nicolae_subvault_shop_adworks],
          nrook_mini_vaults, minmay_misc_feat_alley
D:11:     layout_irregular_city, erik_orc_1, uniq_sonja
D:12:     layout_stronghold, grunt_decor_resistance
D:13:     layout_basic, st_stairs_3, minmay_misc_feat_five, uniq_jorgrun,
          uniq_lodul, uniq_rupert
D:14:     layout_loops_ring, david_vaults_2, fedhas_altar_fruit_tree,
          gammafunk_ghost_necromancy
D:15:     grunt_enter_depths_snipers, layout_basic
Lair:1:   layout_cave_pods, minivault_26, lemuel_fruit_tree,
          serial_bayou_shore_b, serial_bayou_shore_a
Lair:2:   layout_regular_city, hellmonk_spider_entry_not_the_bees, st_stairs_5,
          grunt_megastairs_1
Lair:3:   layout_chaotic_city, minmay_shoals_entry_hut
Lair:4:   layout_gridlike, uniq_kirke
Lair:5:   grunt_lair_end_beastmaster, layout_regular_city, slime_entry_2,
          kennysheep_abandoned_house
Shoals:1: layout_shoals, ebering_ghost_gozag, portal_ice_cave_entry_dragon,
          serial_shops, shop, nicolae_take_the_stairs, nicolae_square_shop,
          nicolae_shop_bloodbath_and_beyond, nicolae_shop_self_help
Spider:1: layout_spider_delve
Spider:2: layout_spider_delve, nicolae_spider_cling_halls, uniq_azrael
Spider:3: layout_spider_delve, nicolae_spider_rock_and_or_roll
Orc:1:    layout_diamond_mine, basic_altar
Orc:2:    st_orc_congregation, layout_diamond_mine, nicolae_orc_damp_corner
IceCv:    ice_cave_statue_garden_chambered

Skill      XL: |  1  2  3  4  5  6  7  8  9 10 11 12 13 14 15 16 17 |
---------------+----------------------------------------------------+-----
Earth Magic    | 4 5 6 7 8 10 | 10.0
Stealth        | 3 4 6 7 8 |  8.5
Conjurations   | 1 2 3 4 6 7 9 10 11 12 | 12.8
Spellcasting   | 3 4 5 6 9 10 | 10.0
Fighting       | 1 3 5 6 9 10 11 | 11.8
Armour         | 1 3 4 5 8 |  8.0
Dodging        | 2 4 |  4.0
Transmutations | 4 6 7 8 9 |  9.0
Poison Magic   | 4 6 |  6.0
Air Magic      | 2 4 |  4.0
Short Blades   | 3 5 6 8 |  8.3
Evocations     | 2 5 6 8 |  8.9
Shields        | 3 8 |  8.0
Throwing       | 4 5 |  5.5
Hexes          | 3 |  3.8
Fire Magic     | 3 |  3.0

Action                     |  1- 3 |  4- 6 |  7- 9 | 10-12 | 13-15 | 16-18 || total
---------------------------+-------+-------+-------+-------+-------+-------++-------
  Melee: Short sword       |    10 |    32 |     8 |   118 |   389 |    66 ||   623
         Punch             |     1 |       |       |     2 |     7 |       ||    10
         Dagger            |       |       |       |    56 |    42 |   477 ||   575
   Fire: Sling             |     2 |    21 |     4 |       |       |       ||    27
  Throw: Dart              |       |     1 |    10 |     1 |    17 |   113 ||   142
         Boomerang         |       |       |       |       |     1 |       ||     1
   Cast: Sandblast         |    44 |    95 |    81 |   111 |     2 |       ||   333
         Stone Arrow       |       |     1 |    46 |   232 |   697 |   248 ||  1224
         Mephitic Cloud    |       |       |       |    31 |    77 |    61 ||   169
         Petrify           |       |       |       |     5 |     3 |     2 ||    10
         Iskenderun's Batt |       |       |       |       |    24 |    36 ||    60
         Passwall          |       |       |       |       |     1 |       ||     1
         Irradiate         |       |       |       |       |       |     6 ||     6
         Ignite Poison     |       |       |       |       |       |     5 ||     5
 Invoke: Potion Petition   |       |       |       |     1 |     1 |       ||     2
  Evoke: Wand              |       |       |     9 |     9 |    10 |    24 ||    52
         Phial of floods   |       |       |       |       |     1 |       ||     1
         Phantom mirror    |       |       |       |       |       |     1 ||     1
    Use: Potion            |       |     2 |       |     1 |     2 |    19 ||    24
         Scroll            |       |       |     7 |     9 |     8 |    12 ||    36
   Stab: Sleeping          |     1 |       |     2 |     1 |    12 |     3 ||    19
         Confused          |       |       |       |    28 |    88 |    52 ||   168
         Petrified         |       |       |       |     1 |     4 |       ||     5
         Petrifying        |       |       |       |       |     1 |       ||     1
         Paralysed         |       |       |       |       |     1 |       ||     1
         Distracted        |       |       |       |       |       |     2 ||     2
 Armour: Robe              |     1 |       |       |       |       |       ||     1
         Leather armour    |     9 |    36 |    34 |     9 |       |    63 ||   151
         Ring mail         |       |       |       |   205 |   430 |   392 ||  1027
  Dodge: Dodged            |     6 |    38 |    38 |   204 |   381 |   329 ||   996
  Block: Buckler           |       |       |       |       |     1 |   176 ||   177

Table legend: (Time is in decaauts)
 A = Elapsed time spent in this place.
 B = Non-inter-level travel time spent in this place.
 C = Inter-level travel time spent in this place.
 D = Time resting spent in this place.
 E = Time spent auto-exploring this place.
 F = Levels seen in this place.
 G = Mean time per level.
                   A        B        C        D        E       F      G
               +--------+--------+--------+--------+--------+-----+--------+
         Total |  38250 |  34510 |   3740 |    887 |  25870 |  28 | 1366.1 |
       Dungeon |  20674 |  18405 |   2269 |    108 |  15011 |  15 | 1378.3 |
          Lair |   8976 |   8301 |    675 |    252 |   6114 |   5 | 1795.2 |
        Shoals |    132 |    132 |      0 |      0 |      0 |   1 |  132.0 |
   Spider Nest |   3816 |   3354 |    462 |     97 |   2289 |   3 | 1272.0 |
  Orcish Mines |   3113 |   2780 |    333 |    392 |   1625 |   2 | 1556.5 |
       Ossuary |    818 |    818 |      0 |      5 |    440 |   1 |  818.0 |
      Ice Cave |    718 |    718 |      0 |     32 |    390 |   1 |  718.0 |
               +--------+--------+--------+--------+--------+-----+--------+

Top non-repeatable levels by time:
  Lair:5: 2351 daAuts
     D:7: 2326 daAuts
   Orc:2: 2232 daAuts
  Lair:4: 1919 daAuts
    D:13: 1873 daAuts
  Lair:2: 1707 daAuts
Spider:2: 1667 daAuts
     D:5: 1603 daAuts
     D:8: 1580 daAuts
  Lair:3: 1522 daAuts
    D:14: 1519 daAuts
  Lair:1: 1474 daAuts
    D:15: 1384 daAuts
    D:12: 1382 daAuts
     D:4: 1355 daAuts
